 Seeded DCSS version 0.27.1-2-g3b301248ec (webtiles) character file.

Game seed: 17848141825139092340 (custom seed)

32 oldmanjim the Skirmisher (level 3, -1/33 HPs)
             Began as a Hill Orc Fighter on Sept 23, 2021.
             Slain by Natasha (5 damage)
             ... on level 2 of the Dungeon.
             The game lasted 00:06:47 (1396 turns).

oldmanjim the Skirmisher (Hill Orc Fighter)         Turns: 1396, Time: 00:06:47

Health: -1/33      AC: 10    Str: 19    XL:     3   Next: 27%
Magic:  3/3        EV:  5    Int:  8    God:
Gold:   71         SH:  9    Dex: 10    Spells: 2/2 levels left

rFire    . . .     SeeInvis .   a - +0 war axe
rCold    . . .     Faith    +   c - +0 kite shield
rNeg     . . .     Spirit   .   e - +0 chain mail
rPois    .         Reflect  .   (no helmet)
rElec    .         Harm     .   (no cloak)
rCorr    .         Rampage  .   n - +0 pair of gloves
Will     .....                  (no boots)
Stlth    ..........             h - amulet of faith
HPRegen  0.11/turn              (no ring)
MPRegen  0.08/turn              (no ring)

@: slowed, very slow
A: no striking features
a: no special abilities


You were on level 2 of the Dungeon.
You visited 1 branch of the dungeon, and saw 2 of its levels.

You collected 71 gold pieces.

Inventory:

Hand Weapons
 a - a +0 war axe (weapon)
Missiles
 f - 10 stones
 o - 14 poisoned darts (quivered)
Armour
 b - a +0 scale mail
 c - a +0 kite shield (worn)
 e - a +0 chain mail (worn)
 n - a +0 pair of gloves (worn)
Jewellery
 h - an amulet of faith (around neck)
 p - an amulet of reflection
Scrolls
 i - a scroll of immolation {unknown}
 q - a scroll of teleportation {unknown}
Potions
 d - a potion of might
 g - a potion of degeneration {unknown}
 j - a potion of berserk rage {unknown}
 k - a potion of lignification {unknown}
 l - a potion of attraction {unknown}
 m - a potion of heal wounds {unknown}


   Skills:
 + Level 3.7 Fighting
 + Level 3.6 Axes
 + Level 3.7 Armour
 + Level 0.1 Dodging
 + Level 3.7 Shields


You had 2 spell levels left.
You didn't know any spells.
Your spell library was empty.

Dungeon Overview and Level Annotations

Branches:
Dungeon (2/15)

Altars:

Annotations:
D:2 Natasha


Message History

Natasha stares at you and mumbles some strange words.
The magic dart hits you. You block Natasha's attack.
The endoplasm jiggles.
The endoplasm freezes you.
You are frozen.
* * * LOW HITPOINT WARNING * * *
The crimson imp barely misses you.
You hit Natasha but do no damage.
Natasha is severely wounded.
You hit the crimson imp. You hit the endoplasm. Natasha claws you.
* * * LOW HITPOINT WARNING * * *
The endoplasm freezes you.
You are frozen.
* * * LOW HITPOINT WARNING * * *
You block the crimson imp's attack.
Natasha mumbles some strange words.
Natasha glows brightly for a moment.
You block Natasha's attack. The endoplasm freezes you.
You are frozen.
* * * LOW HITPOINT WARNING * * *
The crimson imp hits you but does no damage.
You closely miss Natasha.
Natasha is severely wounded.
You hit the endoplasm.
You kill the endoplasm!
You slash the crimson imp! Natasha claws you but does no damage.
You block the crimson imp's attack. You block Natasha's attack.
The crimson imp hits you but does no damage.
Natasha stares at you and mumbles some strange words.
You feel as though you will be slow longer.
You closely miss Natasha.
Natasha is severely wounded.
You completely miss the crimson imp.
The crimson imp shouts, "Quit, thou canting clapper-clawed Cock-Lorel!"
You block the crimson imp's attack.
Natasha stares at you and mumbles some strange words.
You resist with significant effort. You block the crimson imp's attack.
Natasha claws you.
You die...

........#.##.................##..
..[.......##..................##.
.............###......#####...#..
##.###...###. #.......# ...##.
#..#G#...#G#.#####.....# ..
#..###...###...........#....
#............................
......._........5............
................@h....#......
...###...###...†#######......
#..#G#...#G#....# ......
#..###...###....# ... .....
#..............#####.......(.
..........##............
.........###..........#
.....##...###.........# ...
..........###.........# .... ..


You could see Natasha and a crimson imp (summoned).

Vanquished Creatures
  An adder (D:2)
  2 dart slugs (D:1)
  3 ball pythons
  3 endoplasms
  A giant cockroach (D:1)
  3 goblins
  A bat (D:2)
  A frilled lizard (D:1)
  4 kobolds (D:1)
  A rat (D:1)
20 creatures vanquished.

Notes
Turn   | Place    | Note
-------+----------+-------------------------------------------
     0 | D:1      | oldmanjim the Hill Orc Fighter began the quest for the Orb.
     0 | D:1      | Reached XP level 1. HP: 19/19 MP: 1/1
   205 | D:1      | Reached XP level 2. HP: 26/26 MP: 2/2
  1067 | D:2      | Noticed a golden eye
  1072 | D:2      | Noticed a golden eye
  1074 | D:2      | Found a faded altar of an unknown god.
  1077 | D:2      | Noticed a great orb of eyes
  1084 | D:2      | Noticed a great orb of eyes
  1373 | D:2      | Reached XP level 3. HP: 33/33 MP: 3/3
  1382 | D:2      | Noticed Natasha
  1396 | D:2      | Slain by Natasha

Illustrated notes

Levels and vault maps discovered:
D:1:      onia_arrival_handbag, layout_basic
D:2:      layout_basic, hellmonk_ecumenical_altar_watching_god, st_stairs_11,
          minmay_misc_feat_four_crosses, uniq_sigmund, uniq_natasha

Skill      XL: |  1 |
---------------+----+-----
Axes           | 3 |  3.6
Fighting       | |  3.7
Armour         | |  3.7
Dodging        | |  0.1
Shields        | |  3.7

Action                   || total
-------------------------++-------
Melee: War axe           ||    63
Throw: Stone             ||     7
       Dart              ||     3
Armor: Chain mail        ||    35
       Scale mail        ||     6
Dodge: Dodged            ||    10
Block: Kite shield       ||    36
